Map: Tourmaline LE

Players

HoldTheDoor - Winner!

  • Race: Protoss Protoss
  • League: Diamond
  • Spawn Location: 7:00

SatchTrek

  • Race: Protoss Protoss
  • League: Diamond
  • Spawn Location: 1:00

VOD

Have the link to the VOD?

Description

Time

  • Played on: May 22, 2026, 1:31 p.m.
  • Length: 9:07
Show
View Real Time Build Order
Export as new Build Order

HoldTheDoor Protoss - Winner!

Build Orders: Oracle Opening 

Get SALT Encoding   

  12  0:00  Probe  
  13  0:12  Probe  
  14  0:17  Pylon  
  14  0:24  Probe  
  15  0:32  Probe  
  15  0:39  Gateway  
  15  0:40  Probe  
  16  0:48  Assimilator  
  17  0:51  Probe  
  18  0:57  Assimilator  
  18  1:05  Probe  
  19  1:17  Probe  
  20  1:27  Cybernetics Core  
  20  1:29  Probe  
  21  1:41  Probe  
  22  1:53  Probe  
  22  1:54  Assimilator  
  23  1:58  Pylon, Warp Gate  
  23  2:04  Stalker  
  23  2:16  Pylon, Probe  
  26  2:28  Shield Battery  
  26  2:30  Probe  
  26  2:35  Stalker  
  26  2:36  Forge  
  29  2:45  Probe  
  30  2:57  Probe, Stargate  
  31  3:06  Stalker  
  31  3:09  Probe  
  34  3:24  Pylon  
  34  3:50  Oracle  
  37  3:58  Photon Cannon  
  37  4:05  Stalker  
  37  4:08  Probe  
  40  4:31  Gateway  
  40  4:33  Gateway  
  40  4:36  Pylon  
  44  4:40  Shield Battery  
  44  4:43  Void Ray  
  44  4:51  Robotics Facility  
  44  4:52  Pylon, Stalker  
  46  5:04  Probe  
  47  5:16  Probe  
  49  5:28  Probe  
  49  5:39  Stalker x3  
  49  5:40  Probe  
  56  6:15  Photon Cannon, Pylon  
  56  6:18  Photon Cannon, Protoss Ground Weapons Level 1  
  56  6:29  Void Ray  
  56  6:33  Observer, Probe  
  62  6:47  Fleet Beacon  
  62  6:49  Pylon  
  62  7:03  Pylon  
  66  7:13  Void Ray  
  66  7:27  Stalker x3  
  64  8:02  Observer  
  64  8:05  Stalker  
  64  8:06  Stalker x2  
  64  8:55  Stalker x3  
Show
View Real Time Build Order
Export as new Build Order

SatchTrek Protoss 

Build Orders: Zealot Archon 

Get SALT Encoding   

  12  0:01  Probe  
  13  0:15  Pylon  
  13  0:17  Probe  
  14  0:30  Probe  
  15  0:36  Gateway  
  15  0:42  Probe  
  16  0:50  Probe  
  17  1:00  Assimilator, Probe  
  18  1:06  Assimilator  
  18  1:13  Gateway  
  18  1:14  Zealot  
  20  1:32  Cybernetics Core  
  20  1:37  Probe  
  21  1:52  Pylon  
  21  2:04  Probe  
  22  2:08  Warp Gate  
  22  2:17  Probe  
  22  2:21  Assimilator  
  23  2:26  Pylon  
  23  2:30  Gateway x2  
  23  2:35  Probe  
  24  2:45  Twilight Council  
  24  2:47  Probe  
  24  2:50  Stalker  
  24  3:29  Stalker x2  
  28  3:37  Gateway  
  28  3:49  Pylon  
  28  3:56  Gateway  
  28  4:02  Charge  
  28  4:09  Dark Shrine  
  28  4:13  Gateway  
  28  4:29  Pylon  
  28  4:45  Nexus  
  28  4:48  Shield Battery  
  28  5:01  Stalker  
  30  5:22  Stalker  
  30  5:25  Dark Templar x2  
  34  5:34  Probe  
  30  5:42  Probe  
  32  5:51  Probe  
  32  5:52  Zealot  
  35  6:01  Zealot  
  37  6:04  Probe  
  37  6:09  Archon  
  38  6:16  Probe  
  38  6:17  Probe  
  40  6:27  Dark Templar  
  40  6:29  Probe  
  40  6:31  Probe  
  44  6:41  Probe  
  44  6:43  Probe  
  44  6:46  Dark Templar  
  48  6:53  Probe  
  49  6:55  Probe  
  50  7:05  Probe  
  50  7:06  Archon  
  50  7:07  Dark Templar  
  53  7:09  Dark Templar  
  53  7:12  Probe  
  56  7:20  Zealot  
  56  7:21  Zealot  
  58  7:31  Pylon  
  58  7:40  Probe x2  
  52  7:45  Zealot  
  52  7:46  Zealot  
  46  8:04  Stalker  
  46  8:05  Stalker  
  48  8:08  Probe  
  48  8:09  Probe  
  50  8:14  Zealot x2  
  54  8:23  Probe x2  
  56  8:29  Gateway x2  
  42  8:36  Zealot x4  
Tags
 
Composition
Zealot Archon
Matchup
PvP
Replay Pack
SC2Mai2026
Spawn Locations
Cross Positions
Add a new tag
Caveats
  • Supply blocks, unpowered buildings, or Contaminate may cause inaccurate times.
  • Supply counts are checked every 10 seconds.